 Dungeon Crawl Stone Soup version 0.29.1-13-g9f3cf754e1 (webtiles) character file.

Game seed: 15418074900053638256

2856 Thatpatchoflichen the Shooter (level 9, -4/69 HPs)
             Began as a Demonspawn Hunter on Feb 6, 2023.
             Was a Believer of Okawaru.
             Slain by an orc warrior
             ... wielding a +0 battleaxe
              (8 damage)
             ... in a bailey.
             The game lasted 00:36:38 (10976 turns).

Thatpatchoflichen the Shooter (Demonspawn Hunter)  Turns: 10976, Time: 00:36:39

Health: -4/69      AC:  9    Str: 12    XL:     9   Next: 46%
Magic:  0/15       EV: 14    Int: 12    God:    Okawaru [**....]
Gold:   312        SH:  0    Dex: 21    Spells: 12/16 levels left

rFire   + . .      SeeInvis .   a - +0 shortbow
rCold   . . .      Faith    .   (shield currently unavailable)
rNeg    . . .      Spirit   +   s - +0 ring mail {rF+}
rPois   .          Reflect  .   G - +0 helmet
rElec   .          Harm     .   H - +0 cloak
rCorr   .          Rampage  .   (no gloves)
Will    .....                   c - +0 pair of boots
Stlth   ++........              (no amulet)
HPRegen 0.21/turn               (no ring)
MPRegen 0.28/turn               (no ring)

@: no status effects
A: thin skeletal structure 1, magic shield, magic regeneration, demonic magic 2,
weakness stinger 2
a: Renounce Religion, Heroism


You were in a bailey.
You worshipped Okawaru.
Okawaru was pleased with you.
You visited 2 branches of the dungeon, and saw 9 of its levels.
You also visited: Bailey.

You collected 312 gold pieces.

Inventory:

Hand Weapons
 a - a +0 shortbow (weapon)
Missiles
 e - 4 javelins
 h - 5 boomerangs
 l - 5 poisoned darts
 z - 5 atropa-tipped darts
Armour
 c - a +0 pair of boots (worn)
 j - a +2 robe of willpower
 s - a +0 ring mail of fire resistance (worn)
 A - a +0 chain mail
 G - a +0 helmet (worn)
 H - a +0 cloak (worn)
Magical Staves
 x - a staff of air
Wands
 r - a wand of light (10)
 E - a wand of flame (32)
Scrolls
 b - 3 scrolls of immolation
 g - a scroll of acquirement {unknown}
 n - a scroll of poison {unknown}
 o - a scroll of vulnerability {unknown}
 q - 2 scrolls of teleportation
 u - 5 scrolls of butterflies
 v - a scroll of silence {unknown}
 y - a scroll of enchant weapon {unknown}
 B - a scroll of magic mapping {unknown}
 C - 5 scrolls of amnesia
 F - a scroll of identify
 I - a scroll of summoning {unknown}
Potions
 d - a potion of cancellation {unknown}
 f - a potion of magic
 i - a potion of might
 k - 2 potions of brilliance
 m - a potion of resistance
 p - a potion of curing
 t - a potion of berserk rage
 w - a potion of attraction
 D - a potion of mutation
 J - a potion of haste {unknown}


   Skills:
 - Level 6.0 Fighting
 + Level 6.1 Ranged Weapons
 + Level 4.0 Armour
 - Level 6.0 Dodging
 - Level 0.8 Stealth
 - Level 4.0 Spellcasting
 + Level 3.8 Hexes
 + Level 4.4 Invocations


You had 12 spell levels left.
You knew the following spells:

 Your Spells              Type           Power      Damage    Failure   Level
a - Slow                  Hex            44%        N/A       10%         1
b - Confusing Touch       Hex            11%        N/A       30%         3

Your spell library contained the following spells:

 Spells                   Type           Power      Damage    Failure   Level
 Sting                    Tmut/Pois      8%         1d3       43%         1
 Poisonous Vapours        Pois/Air       4%         N/A       56%         2
 Gell's Gravitas          Tloc           2%         N/A       80%         3
 Lesser Beckoning         Tloc           2%         N/A       80%         3
 Ozocubu's Armour         Ice            2%         N/A       80%         3
 Teleport Other           Tloc           2%         N/A       80%         3
 Vampiric Draining        Necr           2%         2d6       80%         3
 Olgreb's Toxic Radiance  Pois           2%         N/A       99%         4
 Blade Hands              Tmut           1%         N/A       100%        5
 Iron Shot                Conj/Erth      1%         9d1       100%        6
 Ozocubu's Refrigeration  Ice            1%         4d7       100%        7
 Borgnjor's Revivificati  Necr           1%         N/A       100%        8
 Necromutation            Tmut/Necr      1%         N/A       100%        8
 Death's Door             Necr           1%         N/A       100%        9
 Animate Armour           Summ/Erth      Unusable   N/A       N/A         4

Dungeon Overview and Level Annotations

Branches:
Dungeon (8/15)             Temple (1/1) D:5            Lair (0/5) D:8
 Bailey (1/1)

Altars:
Ashenzari
Cheibriados
Dithmenos
Fedhas
Kikubaaqudgha
Makhleb
Nemelex Xobeh
Okawaru
Ru
Sif Muna
Trog
Xom
Yredelemnul

Shops:
D:6 (   D:7 :


Innate Abilities, Weirdness & Mutations

You have a somewhat thin skeletal structure. (Dex +2, Stealth+)
When hurt, damage is shared between your health and your magic reserves.
You regenerate magic rapidly.
Spells you cast may paralyse nearby enemies.
You have a tail ending in a sharp stinger.


Message History

You shoot an arrow. The arrow hits the orc warrior.
The orc warrior is severely wounded.
The orc warrior hits you but does no damage.
Fire: a) +0 shortbow
Press: ? - help, Q - select action, (/) - cycle Shift-Dir - straight line, f/p - orc warrior
Aim: an orc warrior, wielding a +0 battleaxe and wearing a +0 chain mail (severely wounded, slow, 65% to hit)
You shoot an arrow.
The arrow hits the orc warrior but does no damage.
The orc warrior is severely wounded.
Fire: a) +0 shortbow
Press: ? - help, Q - select action, (/) - cycle Shift-Dir - straight line, f/p - orc warrior
Aim: an orc warrior, wielding a +0 battleaxe and wearing a +0 chain mail (severely wounded, slow, 65% to hit)
You shoot an arrow.
The arrow barely misses the orc warrior.
The arrow hits the gnoll but does no damage.
The gnoll is severely wounded.
The orc warrior barely misses you.
Fire: a) +0 shortbow
Press: ? - help, Q - select action, (/) - cycle Shift-Dir - straight line, f/p - orc warrior
Aim: an orc warrior, wielding a +0 battleaxe and wearing a +0 chain mail (severely wounded, slow, 65% to hit)
You shoot an arrow. The arrow hits the orc warrior.
The orc warrior is severely wounded.
The orc warrior is no longer moving slowly.
The orc warrior hits you with a +0 battleaxe!
* * * LOW HITPOINT WARNING * * *
Fire: a) +0 shortbow
Press: ? - help, Q - select action, (/) - cycle Shift-Dir - straight line, f/p - orc warrior
Aim: an orc warrior, wielding a +0 battleaxe and wearing a +0 chain mail (severely wounded, 65% to hit)
You shoot an arrow.
The arrow barely misses the orc warrior.
The arrow hits the gnoll but does no damage.
The gnoll is severely wounded.
The orc warrior misses you.
You feel better.
The orc warrior hits you with a +0 battleaxe!
* * * LOW HITPOINT WARNING * * *
Okay, then.
The orc warrior attacks as you move away!
The orc warrior hits you with a +0 battleaxe!
You die...

#)8####
#.)#
#.8#
#..#
##'#
#..#
#..#
#..#
#@.#
#o.#
#g##
...
....#
###..#
+...
####


You could see an orc warrior and a gnoll.

Vanquished Creatures
  Pikel (D:4)
  Duvessa (D:4)
  A water moccasin (D:7)
  4 sky beasts
  3 orc warriors
  A black bear (D:6)
  An ice beast (D:7)
  A centaur (D:8)
  4 lemures
  A phantom (D:7)
  3 bullfrogs (D:7)
  2 necrophages (D:5)
  2 scorpions
  Dowan (D:4)
  2 howler monkeys
  A hound (D:7)
  An orc priest (D:4)
  Crazy Yiuf (D:6)
  2 jellies
  2 iguanas
  Jessica (D:2)
  5 orc wizards
  Natasha (thrice) (D:2)
  5 adders
  4 gnolls
  3 white imps
  An ufetubus (D:4)
  3 worms
  3 dart slugs
  29 orcs
  4 endoplasms
  3 giant cockroaches
  4 hobgoblins
  4 jackals (D:1)
  4 kobolds
  3 quokkas
  6 ball pythons
  7 bats
  3 frilled lizards
  11 goblins
  3 rats
144 creatures vanquished.

Notes
Turn   | Place    | Note
-------+----------+-------------------------------------------
     0 | D:1      | Thatpatchoflichen the Demonspawn Hunter began the quest for
                  | the Orb.
     0 | D:1      | Reached XP level 1. HP: 16/16 MP: 1/1
   535 | D:1      | Gained mutation: You have a somewhat thin skeletal
                  | structure. (Dex +2, Stealth+) [demonic ancestry]
   535 | D:1      | Reached XP level 2. HP: 22/22 MP: 2/2
  1279 | D:1      | Found a faded altar of an unknown god.
  1509 | D:2      | Noticed Jessica
  1512 | D:2      | Killed Jessica
  1513 | D:2      | Gained mutation: Spells you cast may paralyse adjacent
                  | enemies. [demonic ancestry]
  1513 | D:2      | Reached XP level 3. HP: 29/29 MP: 3/3
  1619 | D:2      | Found a snail-covered altar of Cheibriados.
  1622 | D:2      | Noticed Natasha
  1630 | D:2      | Killed Natasha
  1631 | D:2      | Gained mutation: You have a small tail. [demonic ancestry]
  1631 | D:2      | Reached XP level 4. HP: 21/35 MP: 4/4
  1788 | D:2      | Noticed Natasha
  1792 | D:2      | Killed Natasha
  1991 | D:2      | Noticed Natasha
  1996 | D:2      | Killed Natasha
  1997 | D:2      | Gained mutation: You regenerate magic rapidly. [demonic
                  | ancestry]
  1997 | D:2      | Reached XP level 5. HP: 36/42 MP: 5/5
  2225 | D:3      | Reached skill level 5 in Ranged Weapons
  2260 | D:3      | Found an iron altar of Okawaru.
  2269 | D:3      | Became a worshipper of Warmaster Okawaru
  2884 | D:4      | Gained mutation: When hurt, damage is shared between your
                  | health and your magic reserves. [demonic ancestry]
  2884 | D:4      | Reached XP level 6. HP: 48/48 MP: 6/6
  3318 | D:4      | Reached skill level 1 in Spellcasting
  3487 | D:5      | Entered Level 5 of the Dungeon
  3551 | D:5      | Noticed Dowan
  3553 | D:5      | Noticed Duvessa
  4401 | D:4      | Killed Duvessa
  4401 | D:4      | Reached * piety under Okawaru
  4402 | D:4      | Gained mutation: Spells you cast may paralyse nearby
                  | enemies. [demonic ancestry]
  4402 | D:4      | Reached XP level 7. HP: 32/54 MP: 8/10
  4421 | D:4      | Killed Dowan
  4422 | D:4      | Reached skill level 1 in Armour
  4898 | D:4      | Noticed Pikel
  5260 | D:5      | Found a blossoming altar of Fedhas.
  5311 | D:6      | Found Qisu Zuo's Weapon Shoppe.
  5342 | D:6      | Found a sparkling altar of Nemelex Xobeh.
  5484 | D:5      | Reached skill level 1 in Hexes
  5553 | D:5      | Learned a level 1 spell: Slow
  5557 | D:5      | Learned a level 3 spell: Confusing Touch
  5708 | D:5      | Found a staircase to the Ecumenical Temple.
  5717 | Temple   | Entered the Ecumenical Temple
  6523 | D:4      | HP: 2/55 [Pikel/+2 whip of flaming (1)]
  6535 | D:4      | Killed Pikel
  6536 | D:4      | Reached skill level 5 in Fighting
  6536 | D:4      | Gained mutation: You have a tail ending in a sharp stinger.
                  | [demonic ancestry]
  6536 | D:4      | Reached XP level 8. HP: 26/62 MP: 1/12
  6831 | D:6      | Reached skill level 1 in Invocations
  6849 | D:6      | Reached skill level 5 in Dodging
  6972 | D:6      | Found a runed translucent door.
  6973 | D:6      | Noticed Crazy Yiuf
  7410 | D:6      | Killed Crazy Yiuf
  7411 | D:6      | HP: 2/62 [poisoned by Crazy Yiuf]
  7725 | D:6      | Found a broken altar of Ashenzari.
  7778 | D:7      | Found Jifrat's Book Emporium.
  8102 | D:7      | Reached ** piety under Okawaru
  8798 | D:7      | Reached XP level 9. HP: 38/68 MP: 8/14
 10048 | D:8      | Found a staircase to the Lair.
 10218 | D:8      | Found a flagged portal.
 10240 | Bailey   | Entered a bailey
 10972 | Bailey   | HP: 2/69 [orc warrior/+0 battleaxe (10)]
 10976 | Bailey   | Slain by an orc warrior

Illustrated notes

Levels and vault maps discovered:
D:1:      dpeg_arrival_houses_and_road, layout_loops_corners,
          hellmonk_ecumenical_altar_inner_sanctum, dk_noncrumbling_2
D:2:      layout_rooms, basic_altar, uniq_natasha, uniq_jessica
D:3:      layout_basic, lemuel_coloured_pillars_altar, minmay_door_square
D:4:      layout_loops_corners, uniq_pikel
D:5:      layout_rooms, fedhas_altar_2, lemuel_temple_firewalk_a, uniq_duvessa
D:6:      layout_basic, mainiacjoe_overflow_alcove_1,
          mainiacjoe_overflow_catwalk, serial_shops,
          nicolae_shop_bloodbath_and_beyond, uniq_crazy_yiuf_cottage
D:7:      layout_loops_ring, serial_shops, nicolae_stop_n_shop_1,
          grunt_tough_drop
D:8:      layout_basic, dpeg_oklobed_lair, enter_bailey_5, lightli_orcish_oven
Temple:   bh_familiar_temple
Bailey:   bailey_axe_of_yendor_kennysheep, bailey

Skill      XL: |  1  2  3  4  5  6  7  8  9 |
---------------+----------------------------+-----
Dodging        | 2 3 4 5 6 |  6.0
Ranged Weapons | 4 5 6 |  6.1
Fighting       | 3 4 5 6 |  6.0
Spellcasting   | 2 3 4 |  4.0
Armour         | 2 3 4 |  4.0
Hexes          | 2 3 |  3.8
Invocations    | 2 4 |  4.4
Stealth        | |  0.8

Action                   |  1- 3 |  4- 6 |  7- 9 || total
-------------------------+-------+-------+-------++-------
 Fire: Shortbow          |    89 |   225 |   452 ||   766
Throw: Javelin           |       |       |     1 ||     1
 Cast: Slow              |       |       |    14 ||    14
       Confusing Touch   |       |       |     5 ||     5
  Use: Scroll            |       |     5 |     6 ||    11
       Potion            |       |       |     6 ||     6
Armor: Leather armour    |     2 |       |       ||     2
       Ring mail         |    15 |    60 |   138 ||   213
Dodge: Dodged            |    26 |    79 |   221 ||   326
